 Dungeon Crawl Stone Soup version 0.22-a0-587-g7d32d7c (webtiles) character file.

10002 rjaguar3 the Grappler (level 11, -6/100 HPs)
             Began as a Troll Hunter on July 3, 2018.
             Was a High Priest of Okawaru.
             Mangled by a black mamba (14 damage)
             ... on level 2 of the Lair of Beasts.
             The game lasted 00:23:08 (10127 turns).

rjaguar3 the Grappler (Troll Hunter)               Turns: 10127, Time: 00:23:09

Health: -6/100     AC:  8    Str: 22    XL:     11   Next: 30%
Magic:  14/14      EV: 13    Int:  7    God:    Okawaru [*****.]
Gold:   698        SH:  0    Dex: 15    Spells: 9/10 levels left

rFire    . . .     SeeInvis .     - Unarmed
rCold    + . .     Gourm    +   (no shield)
rNeg     . . .     Faith    .   x - +2 robe {rC+}
rPois    .         Spirit   .   (helmet restricted)
rElec    .         Reflect  .   t - +0 cloak
rCorr    .         Harm     .   (gloves unavailable)
MR       +....                  (boots unavailable)
Stlth    ++........             (no amulet)
HPRegen  0.66/turn              p - +2 ring of dexterity
MPRegen  0.14/turn              j - ring of protection from magic

@: lethally poisoned (-6 -> -10)
A: large, unfitting armour, claws 3, fast metabolism 3, gourmand, regeneration
1, shaggy fur 1, tough skin 2
a: Heroism, Finesse, Renounce Religion


You were on level 2 of the Lair of Beasts.
You worshipped Okawaru.
Okawaru was extremely pleased with you.
You were full.

You visited 2 branches of the dungeon, and saw 11 of its levels.
You also visited: Ossuary.

You collected 698 gold pieces.

Inventory:

Missiles
 d - a throwing net
 l - 260 stones
 w - 3 large rocks
 A - 8 tomahawks (quivered)
Armour
 t - a +0 cloak (worn)
 x - a +2 robe of cold resistance (worn)
Jewellery
 j - a ring of protection from magic (right claw)
 p - a +2 ring of dexterity (left claw)
 v - an uncursed amulet of magic regeneration
 D - an uncursed ring of fire
 I - an uncursed ring of fire
 N - a +1 ring of evasion {unknown}
Wands
 c - a wand of random effects (43)
 C - a wand of clouds (7)
 H - a wand of disintegration (28)
 O - a wand of paralysis (13)
 P - a wand of polymorph (11)
Scrolls
 b - 4 scrolls of random uselessness {unknown}
 g - a scroll of blinking {unknown}
 h - 7 scrolls of remove curse
 k - 5 scrolls of teleportation
 m - 2 scrolls of enchant armour {unknown}
 n - 3 scrolls of fog {unknown}
 u - a scroll of amnesia {unknown}
 y - a scroll of fear {unknown}
 B - 4 scrolls of magic mapping
 F - a scroll of vulnerability {unknown}
 J - a scroll of immolation {unknown}
 L - 4 scrolls of identify
 M - 2 scrolls of enchant weapon {unknown}
 R - a scroll of noise {unknown}
Potions
 a - a potion of berserk rage {unknown}
 e - 9 potions of curing {unknown}
 i - 2 potions of haste
 o - 3 potions of lignification
 q - 2 potions of brilliance
 r - a potion of degeneration {unknown}
 s - 3 potions of ambrosia
 z - a potion of might {unknown}
 E - a potion of invisibility {unknown}
 G - 2 potions of agility
 Q - a potion of flight {unknown}
Comestibles
 f - 25 rations


   Skills:
 + Level 4.1 Fighting
 + Level 6.3 Throwing
 + Level 5.9 Dodging
 + Level 2.9 Stealth
 + Level 12.0 Unarmed Combat
 * Level 5.9 Invocations


You had 9 spell levels left.
You knew the following spells:

 Your Spells              Type           Power        Failure   Level  Hunger
a - Summon Small Mammal   Summ           #...         43%         1    ##.....

Your spell library contained the following spells:

 Spells                   Type           Power        Failure   Level  Hunger
 Magic Dart               Conj           #...         43%         1    ##.....
 Conjure Flame            Conj/Fire      #.......     80%         3    ####...
 Bolt of Magma            Conj/Fire/Erth #.........   100%        5    ######.
 Slow                     Hex            #.......     56%         2    ###....
 Confuse                  Hex            #.......     80%         3    ####...
 Mephitic Cloud           Conj/Pois/Air  #.......     80%         3    ####...
 Venom Bolt               Conj/Pois      #.........   100%        5    ######.
 Blink                    Tloc           N/A          56%         2    ###....
 Summon Ice Beast         Ice/Summ       #.......     99%         4    #####..
 Call Imp                 Summ           #.......     56%         2    ###....
 Tukima's Dance           Hex            #.......     80%         3    ####...
 Iron Shot                Conj/Erth      #.........   100%        6    #######
 Spider Form              Tmut/Pois      #.........   80%         3    ####...
 Blade Hands              Tmut           #.........   100%        5    ######.
 Ice Form                 Ice/Tmut       #.......     99%         4    #####..
 Sticks to Snakes         Tmut           #.......     56%         2    ###....
 Call Canine Familiar     Summ           #.......     80%         3    ####...
 Ensorcelled Hibernation  Hex/Ice        #.....       56%         2    ###....
 Corona                   Hex            #......      43%         1    ##.....
 Orb of Destruction       Conj           #.........   100%        7    #######
 Beastly Appendage        Tmut           #.....       43%         1    ##.....
 Iskenderun's Battlesphe  Conj/Chrm      #.......     100%        5    ######.
 Dazzling Spray           Conj/Hex       #.....       80%         3    ####...
 Summon Lightning Spire   Summ/Air       #.......     99%         4    #####..
 Summon Guardian Golem    Hex/Summ       #.......     80%         3    ####...
 Spellforged Servitor     Conj/Summ      #.........   100%        7    #######


Dungeon Overview and Level Annotations

Branches:
Dungeon (9/15)             Temple (0/1) D:7            Lair (2/6) D:8
  Swamp: Lair:2-4    Shoals: Lair:2-4     Snake: Lair:2-4    Spider: Lair:2-4
    Orc: D:9-12

Altars:
Ashenzari
Cheibriados
Dithmenos
Makhleb
Okawaru
Qazlal
Ru
Trog
Wu Jian
Xom
Yredelemnul
Zin
Beogh

Annotations:
D:8 3 runed doors, luykan's ghost, novice FoFi
Lair:1 Gastronok


Innate Abilities, Weirdness & Mutations

You are too large for most types of armour.
You have claws for hands.
Your metabolism is lightning-fast.
You like to eat raw meat.
Your natural rate of healing is unusually fast.
You are covered in fur. (AC +1)
You have very tough skin. (AC +2)


Message History

The black mamba poisons you!
Unknown command.
You scratch the black mamba but do no damage.
You feel sick.
The black mamba bites you but does no damage.
The black mamba bites you!
You are too injured to fight recklessly!
You feel sick. The porcupine bites you! The black mamba bites you!
* * * LOW HITPOINT WARNING * * *
You are more poisoned.
The black mamba poisons you!
You feel sick. The black mamba barely misses you.
You feel sick. The porcupine barely misses you.
You are struck by the porcupine's spines.
* * * LOW HITPOINT WARNING * * *
You mangle the porcupine!!
You kill the porcupine!
Okawaru accepts your kill.
You feel sick. The black mamba bites you!
You die...

##............# ..$...
................ ......
.+.⌠.>.⌠..⌠.....# #......
.#...............## .......
##......... #...P#.......
###..⌠...## ###............
..##......###.#####......%.
....#............S..†......
.#..#....⌠.....#@#.........
P##............###.........
##...###..[....# #.........
##.## ###...### ##........
#..# ##### /###..... #.## #
#...# .# #.. .. ..


You could see a black mamba.

Vanquished Creatures
  Pikel (D:9)
  A rime drake (Lair:1)
  2 komodo dragons (Lair:1)
  A hornet (D:8)
  4 hippogriffs
  Sigmund (D:3)
  10 yaks
  2 basilisks
  A hungry ghost (D:7)
  A steam dragon (D:8)
  Menkaure (D:4)
  2 soldier ants (D:8)
  3 water moccasins
  Duvessa (D:5)
  8 porcupines
  3 orc warriors
  3 ice beasts
  An eye of draining (D:9)
  2 phantoms
  A slave (D:9)
  A sky beast (D:8)
  A necrophage (D:8)
  An ogre (D:8)
  4 centaurs
  A crocodile (Lair:1)
  3 elf zombies (Ossuary)
  Blork the orc (D:4)
  4 bullfrogs
  Dowan (D:5)
  A scorpion (D:4)
  3 killer bees (D:9)
  2 howler monkeys
  A bullfrog zombie (D:6)
  4 crimson imps
  2 quasits
  6 centaur zombies (Ossuary)
  4 hounds
  3 human zombies (Ossuary)
  8 orc priests
  2 bullfrog skeletons
  4 jellies
  7 orc wizards
  Ijyb (D:5)
  3 iguanas
  4 worker ants
  3 mummies (Ossuary)
  A worker ant zombie (D:5)
  Robin (D:2)
  A howler monkey zombie (D:7)
  16 adders
  11 gnolls
  2 shadow imps
  2 oozes
  2 adder skeletons
  6 worms
  A dart slug (D:1)
  4 leopard geckos
  20 orcs
  6 giant cockroaches
  18 goblins
  7 hobgoblins
  6 jackals
  2 ball pythons
  13 bats
  8 frilled lizards
  A jackal skeleton (D:6)
  15 kobolds
  A leopard gecko zombie (D:5)
  A quokka zombie (D:9)
  9 rats
278 creatures vanquished.

Vanquished Creatures (others)
  A fungus (Lair:1)
1 creature vanquished.

Grand Total: 279 creatures vanquished

Notes
Turn   | Place    | Note
-------+----------+-------------------------------------------
     0 | D:1      | rjaguar3 the Troll Hunter began the quest for the Orb.
     0 | D:1      | Reached XP level 1. HP: 19/19 MP: 0/0
   204 | D:1      | Reached XP level 2. HP: 18/27 MP: 1/1
   228 | D:1      | Reached skill level 1 in Unarmed Combat
   502 | D:1      | Reached XP level 3. HP: 32/33 MP: 2/2
   785 | D:2      | Noticed Robin
  1072 | D:2      | Reached XP level 4. HP: 42/42 MP: 3/3
  1305 | D:2      | Killed Robin
  1305 | D:2      | Reached skill level 2 in Unarmed Combat
  1533 | D:3      | Noticed Sigmund
  1722 | D:2      | Reached XP level 5. HP: 19/49 MP: 4/4
  1932 | D:3      | Reached skill level 3 in Unarmed Combat
  1997 | D:3      | Found an iron altar of Okawaru.
  2005 | D:3      | Became a worshipper of Warmaster Okawaru
  2172 | D:3      | Found a shattered altar of Ashenzari.
  2179 | D:3      | Found a stormy altar of Qazlal.
  2189 | D:3      | Found a bloodstained altar of Trog.
  2196 | D:3      | Found a burning altar of Makhleb.
  2201 | D:3      | Found an ornate altar of the Wu Jian Council.
  2208 | D:3      | Found a basalt altar of Yredelemnul.
  2220 | D:3      | Found a sacrificial altar of Ru.
  2280 | D:3      | Reached XP level 6. HP: 57/57 MP: 5/5
  2361 | D:3      | Killed Sigmund
  2361 | D:3      | Reached skill level 1 in Stealth
  2361 | D:3      | Reached skill level 4 in Unarmed Combat
  2395 | D:3      | Learned a level 1 spell: Summon Small Mammal
  2486 | D:3      | Found a snail-covered altar of Cheibriados.
  2589 | D:3      | Reached skill level 5 in Throwing
  2838 | D:4      | Noticed Blork the orc
  2842 | D:4      | Killed Blork the orc
  2842 | D:4      | Reached XP level 7. HP: 42/65 MP: 6/6
  2923 | D:4      | Noticed Ijyb
  2925 | D:4      | Noticed Menkaure
  3047 | D:4      | Killed Menkaure
  3047 | D:4      | Reached * piety under Okawaru
  3047 | D:4      | Reached skill level 5 in Unarmed Combat
  3280 | D:4      | Found a shadowy altar of Dithmenos.
  3585 | D:5      | Entered Level 5 of the Dungeon
  3662 | D:5      | Killed Ijyb
  3713 | D:5      | Noticed Duvessa
  3717 | D:5      | Noticed Dowan
  3768 | D:5      | Killed Duvessa
  3768 | D:5      | Reached skill level 6 in Unarmed Combat
  3768 | D:5      | Reached XP level 8. HP: 69/74 MP: 4/7
  3770 | D:5      | Killed Dowan
  3933 | D:5      | Found a shimmering altar of Xom.
  4227 | D:6      | Found a sand-covered staircase.
  4236 | Ossuary  | Entered an ossuary
  4255 | Ossuary  | Reached skill level 1 in Invocations
  4271 | Ossuary  | Reached skill level 7 in Unarmed Combat
  4279 | Ossuary  | Reached ** piety under Okawaru
  4511 | D:6      | Reached skill level 8 in Unarmed Combat
  4513 | D:6      | Reached XP level 9. HP: 34/80 MP: 6/9
  5553 | D:7      | Reached *** piety under Okawaru
  5723 | D:7      | Reached skill level 9 in Unarmed Combat
  5921 | D:7      | Found a staircase to the Ecumenical Temple.
  6127 | D:7      | Found a glowing silver altar of Zin.
  6480 | D:8      | Found an ornate altar of the Wu Jian Council.
  6992 | D:8      | Found a staircase to the Lair.
  7083 | D:8      | Reached skill level 5 in Dodging
  7127 | D:8      | Reached **** piety under Okawaru
  7127 | D:8      | Reached XP level 10. HP: 46/91 MP: 12/12
  7200 | D:8      | Paralysed by a hornet for 3 turns
  7210 | D:8      | Reached skill level 10 in Unarmed Combat
  7651 | D:8      | Found a runed gate.
  7651 | D:8      | Found a runed gate.
  7652 | D:8      | Noticed luykan's ghost (novice FoFi)
  7653 | D:8      | Found a runed gate.
  7703 | D:8      | Found a sacrificial altar of Ru.
  7905 | D:8      | Found a roughly hewn altar of Beogh.
  8367 | D:9      | Noticed Pikel
  8379 | D:9      | Killed Pikel
  8567 | D:9      | Reached skill level 5 in Invocations
  8575 | D:9      | Reached skill level 11 in Unarmed Combat
  8579 | D:9      | Reached ***** piety under Okawaru
  9306 | Lair:1   | Entered Level 1 of the Lair of Beasts
  9420 | Lair:1   | Noticed Gastronok
  9481 | Lair:1   | Received a gift from Okawaru
  9514 | Lair:1   | Reached XP level 11. HP: 82/100 MP: 14/14
 10037 | Lair:1   | Found a shimmering altar of Xom.
 10096 | Lair:2   | Reached skill level 12 in Unarmed Combat
 10127 | Lair:2   | Mangled by a black mamba

Vault maps used:
D:1:      minmay_arrival_widening_spiral_wide, minmay_split_cup_large
D:2:      uniq_robin
D:3:      old_standard_altar, grunt_temple_overflow_octagram, okawaru_trees_2,
          uniq_sigmund
D:4:      kennysheep_six_static_rooms, nicolae_dithmenos_through_a_glass_darkly,
          first_ration, uniq_ijyb, uniq_menkaure, uniq_blork_the_orc
D:5:      xom_teletrap_fun, uniq_duvessa
D:6:      chequers_ossuary_entry_cave
D:7:      zin_scriptorium, minmay_temple_entry_statues_pillars
D:8:      lair_entry_dummy, biasface_ghost_orc_armoury, basic_altar,
          hangedman_pestilent_swarm, kennysheep_another_room,
          nicolae_ru_path_of_blood
D:9:      kennysheep_generic_room_15, uniq_pikel
Lair:1:   basic_altar, serial_bayou_shore_b, grunt_megastairs_4, uniq_gastronok
Lair:2:   serial_bayou_shore_b, grunt_megastairs_3, lemuel_fruit_tree,
          serial_bayou_shore_a, infiniplex_staircase_pool_2, uniq_fannar
Ossuary:  ossuary_minmay_four_chambers

Skill      XL: |  1  2  3  4  5  6  7  8  9 10 11 |
---------------+----------------------------------+-----
Throwing       | 4 5 6 |  6.3
Unarmed Combat | 1 2 3 4 6 8 9 11 12 | 12.0
Dodging        | 2 3 4 5 |  5.9
Fighting       | 2 3 4 |  4.1
Stealth        | 1 2 |  2.9
Invocations    | 2 4 5 |  5.9

Action                   |  1- 3 |  4- 6 |  7- 9 | 10-12 || total
-------------------------+-------+-------+-------+-------++-------
Melee: Unarmed           |    98 |   150 |   376 |   226 ||   850
       Punch             |       |     2 |    19 |    20 ||    41
Throw: Large rock        |     3 |    10 |    19 |    13 ||    45
       Stone             |    35 |    24 |     2 |       ||    61
       Throwing net      |       |     1 |       |       ||     1
       Tomahawk          |       |       |       |     5 ||     5
Invok: Heroism           |       |       |     2 |     7 ||     9
  Use: Scroll            |       |     2 |     8 |       ||    10
 Stab: Sleeping          |       |     1 |     3 |     2 ||     6
       Distracted        |       |       |       |     1 ||     1
  Eat: Chunk             |    15 |    14 |    47 |    26 ||   102
Armor: Robe              |    40 |    36 |   125 |    47 ||   248
Dodge: Dodged            |    81 |    94 |   127 |   109 ||   411

Table legend:
 A = Spawn XP
 B = Non-spawn XP
 C = Spawn XP percentage of total XP
 D = Spawn monster count
 E = Non-spawn monster count
 F = Spawn count percentage of total count
 G = Total turns spent on level
                    A         B        C        D         E        F      G
               +---------+---------+-------+---------+---------+-------+---------
         Total |       0 |   14289 |   0.0 |       0 |     277 |   0.0 | 10127
               +---------+---------+-------+---------+---------+-------+---------
           D:1 |       0 |      68 |   0.0 |       0 |      31 |   0.0 |   926
           D:2 |       0 |     172 |   0.0 |       0 |      36 |   0.0 |   891
           D:3 |       0 |     418 |   0.0 |       0 |      32 |   0.0 |  1081
           D:4 |       0 |     551 |   0.0 |       0 |      15 |   0.0 |   725
           D:5 |       0 |     652 |   0.0 |       0 |      20 |   0.0 |   576
           D:6 |       0 |     836 |   0.0 |       0 |      17 |   0.0 |   934
           D:7 |       0 |     757 |   0.0 |       0 |      21 |   0.0 |  1016
           D:8 |       0 |    1915 |   0.0 |       0 |      24 |   0.0 |  1659
           D:9 |       0 |    3775 |   0.0 |       0 |      42 |   0.0 |  1234
        Lair:1 |       0 |    3573 |   0.0 |       0 |      18 |   0.0 |   766
        Lair:2 |       0 |     846 |   0.0 |       0 |       6 |   0.0 |    55
       Ossuary |       0 |     726 |   0.0 |       0 |      15 |   0.0 |   264
               +---------+---------+-------+---------+---------+-------+---------
